 Dungeon Crawl Stone Soup version 0.25-a0-1113-g0499d652a8 (webtiles) character file.

Game seed: 4001806276107348319, levelgen mode: deterministic

4 vurker the Sneak (level 1, -2/11 HPs)
             Began as a Vine Stalker Assassin on May 16, 2020.
             Slain by a jackal (3 damage)
             ... on level 1 of the Dungeon.
             The game lasted 00:00:23 (283 turns).

vurker the Sneak (Vine Stalker Assassin)             Turns: 283, Time: 00:00:23

Health: -2/11      AC:  3    Str: 13    XL:     1   Next: 70%
Magic:  0/2        EV: 11    Int: 11    God:
Gold:   20         SH:  0    Dex: 15    Spells: 0/0 levels left

rFire    . . .     SeeInvis .   a - +2 dagger
rCold    . . .     Gourm    .   (no shield)
rNeg     . . .     Faith    .   b - +0 robe
rPois    .         Spirit   +   (no helmet)
rElec    .         Reflect  .   c - +0 cloak
rCorr    .         Harm     .   (no gloves)
MR       .....                  (no boots)
Stlth    ++++......             (no amulet)
HPRegen  0.03/turn              n - ring of stealth
MPRegen  0.08/turn              (no ring)

@: no status effects
A: fangs 2, magic shield, antimagic bite, no potion heal 3, rot immunity
a: no special abilities


You were on level 1 of the Dungeon.
You were not hungry.

You visited 1 branch of the dungeon, and saw 1 of its levels.

You collected 20 gold pieces.

Inventory:

Hand Weapons
 a - a +2 dagger (weapon)
Missiles
 d - 8 poisoned darts (quivered)
 f - 2 curare-tipped darts
Armour
 b - a +0 robe (worn)
 c - a +0 cloak (worn)
Jewellery
 n - a ring of stealth (left hand)
   (You found it on level 1 of the Dungeon)
Scrolls
 g - a scroll of enchant armour {unknown}
 h - 2 scrolls of identify {unknown}
 j - a scroll of remove curse {unknown}
Potions
 i - a potion of curing {unknown}
 k - a potion of haste {unknown}
 l - a potion of lignification {unknown}
Comestibles
 e - a ration
 m - 4 chunks of flesh


   Skills:
 + Level 1.9 Fighting
 * Level 2.1 Short Blades
 - Level 1.7 Throwing
 - Level 0.7 Dodging
 - Level 4.8 Stealth


You couldn't memorise any spells.
You didn't know any spells.
Your spell library was empty.

Dungeon Overview and Level Annotations

Branches:
Dungeon (1/15)

Altars:


Innate Abilities, Weirdness & Mutations

You have extremely sharp teeth.
When hurt, damage is shared between your health and your magic reserves.
Your bite disrupts and absorbs the magic of your enemies.
Potions cannot restore your health.
You are immune to rotting.


Message History

A hobgoblin comes into view.
Found 6 gold pieces.
A hobgoblin is nearby!
A hobgoblin is nearby!
A hobgoblin is nearby!
The hobgoblin shouts!
You hit the hobgoblin. Your bite misses the hobgoblin.
The hobgoblin misses you.
You barely miss the hobgoblin.
The hobgoblin hits you but does no damage.
You hit the hobgoblin but do no damage. The hobgoblin closely misses you.
You hit the hobgoblin.
You kill the hobgoblin!
Your Short Blades skill increases to level 2!
You butcher the hobgoblin corpse.
m - 4 chunks of flesh You see here a hobgoblin skeleton. x2
You now have 20 gold pieces (gained 6).
Found 18 stones.
You see here 18 stones.
Found a copper ring.
Found a stone staircase leading down.
n - a copper ring
n - a ring of stealth (left hand)
There is a stone staircase leading down here. 2 jackals come into view.
There are monsters nearby!
The jackal barks!
You hear a bark!
A jackal comes into view.
You hear a bark!
The jackal bites you.
You hit the jackal. Your bite misses the jackal. The jackal bites you.
You hit the jackal. Your bite misses the jackal.
The jackal bites you but does no damage.
A jackal comes into view.
You hit the jackal.
You kill the jackal!
You hit the jackal. You bite the jackal, but do no damage.
The jackal bites you but does no damage.
You hit the jackal. You bite the jackal, but do no damage.
The jackal closely misses you. x2
You hit the jackal. Your bite misses the jackal.
The jackal completely misses you.
You barely miss the jackal. The jackal bites you.
* * * LOW HITPOINT WARNING * * *
You hit the jackal but do no damage. The jackal bites you.
* * * LOW HITPOINT WARNING * * *
You barely miss the jackal. Your bite misses the jackal.
The jackal closely misses you. The jackal bites you.
You die...

#...#
##.......#.#
#...#
##.....##..
##.##
##.#.###.#
#.# #.###
#.. #.#
##.#.###..
#.#
#.........
#.#
#.........
#.######
#...######
#..@hhh#
##..# #
######.#
#..######
##........
#....#####
#....#####
#.........
#.........
#.##.#####
#.##.# #


You could see 3 jackals.

Vanquished Creatures
  2 hobgoblins (D:1)
  A jackal (D:1)
  A kobold (D:1)
4 creatures vanquished.

Notes
Turn   | Place    | Note
-------+----------+-------------------------------------------
     0 | D:1      | vurker the Vine Stalker Assassin began the quest for the
                  | Orb.
     0 | D:1      | Reached XP level 1. HP: 11/11 MP: 2/2
   283 | D:1      | Slain by a jackal

Illustrated notes

Levels and vault maps discovered:
D:1:      evilmike_arrival_plus, layout_loops_ring,
          nemelex_xobeh_ov_fountains_minmay

Skill      XL: |  1 |
---------------+----+-----
Short Blades   | 2 |  2.1
Fighting       | |  1.9
Throwing       | |  1.7
Dodging        | |  0.7
Stealth        | |  4.8

Action                   || total
-------------------------++-------
Melee: Dagger            ||    17
       Bite              ||     3
Armor: Robe              ||     3
Dodge: Dodged            ||     9

Table legend:
 A = Non-vault XP
 B = Vault XP
 C = Vault XP percentage of total XP
 D = Non-vault monster count
 E = Vault monster count
 F = Vault count percentage of total count
                 A         B        C        D         E       F
            +---------+---------+-------+---------+---------+-------
      Total |       7 |       0 |   0.0 |       4 |       0 |   0.0
            +---------+---------+-------+---------+---------+-------
        D:1 |       7 |       0 |   0.0 |       4 |       0 |   0.0
            +---------+---------+-------+---------+---------+-------
